 Dungeon Crawl Stone Soup version 0.30-a0-782-ge64f9170bb (webtiles) character file.

Game seed: 2350825124788923573

81 mopl the Slasher (level 4, 0/34 HPs)
             Began as a Merfolk Warper on Mar 6, 2023.
             Slain by a gnoll
             ... wielding a +0 flail
              (10 damage)
             ... on level 4 of the Dungeon.
             The game lasted 00:02:41 (3007 turns).

mopl the Slasher (Merfolk Warper)                   Turns: 3007, Time: 00:02:42

Health: 0/34       AC:  3    Str: 13    XL:     4   Next: 42%
Magic:  7/7        EV:  8    Int: 12    God:
Gold:   155        SH: 12    Dex: 13    Spells: 3/7 levels left

rFire   . . .      SeeInvis .    a - +0 falchion
rCold   . . .      Faith    .    q - +2 tower shield
rNeg    . . .      Spirit   .    b - +0 leather armour
rPois   .          Reflect  .    (no helmet)
rElec   .          Harm     .    (no cloak)
rCorr   +          Rampage  .    (no gloves)
Will    .....                    (no boots)
Stlth   +                        m - amulet of magic regeneration
HPRegen 0.25/turn                p - ring of resist corrosion
MPRegen 0.50/turn                (no ring)

@: no status effects
A: (nimble swimmer 2), mertail
a: no special abilities


You were on level 4 of the Dungeon.
You visited 1 branch of the dungeon, and saw 4 of its levels.

You collected 155 gold pieces.

Inventory:

Hand Weapons
 a - a +0 falchion (weapon)
Missiles
 d - 7 boomerangs of dispersal
 e - 2 poisoned darts (quivered)
Armour
 b - a +0 leather armour (worn)
 n - a +0 buckler
 q - a +2 tower shield (worn)
Jewellery
 m - an amulet of magic regeneration (around neck)
 p - a ring of resist corrosion (left hand)
Scrolls
 c - a scroll of blinking
 f - 2 scrolls of fog {unknown}
 o - a scroll of vulnerability {unknown}
 r - a scroll of teleportation {unknown}
 s - a scroll of identify {unknown}
 w - 2 scrolls of fear {unknown}
 x - a scroll of magic mapping {unknown}
Potions
 g - a potion of mutation {unknown}
 h - a potion of haste {unknown}
 i - a potion of cancellation {unknown}
 j - 2 potions of ambrosia {unknown}
 k - a potion of curing {unknown}
 l - a potion of berserk rage {unknown}
 t - a potion of magic {unknown}
 u - a potion of might {unknown}
 v - a potion of lignification {unknown}


   Skills:
 + Level 2.6 Fighting
 * Level 3.6 Long Blades
 - Level 1.0 Throwing
 + Level 1.2 Armour
 + Level 3.2 Dodging
 + Level 2.4 Spellcasting
 + Level 2.7 Translocations


You had 3 spell levels left.
You knew the following spells:

 Your Spells              Type           Power      Damage    Failure   Level
a - Lesser Beckoning      Tloc           14%        N/A       97%         2
b - Blink                 Tloc           14%        N/A       97%         2

Your spell library contained the following spells:

 Spells                   Type           Power      Damage    Failure   Level
 Apportation              Tloc           14%        N/A       90%         1
 Necrotise                Necr           4%         1d4       99%         1
 Summon Small Mammal      Summ           4%         N/A       99%         1
 Teleport Other           Tloc           7%         N/A       99%         3
 Cigotuvi's Dreadful Rot  Necr/Pois/Air  2%         N/A       100%        2
 Poisonous Vapours        Pois/Air       2%         N/A       100%        2
 Call Canine Familiar     Summ           1%         N/A       100%        3
 Mephitic Cloud           Conj/Pois/Air  1%         N/A       100%        3
 Portal Projectile        Hex/Tloc       8%         N/A       100%        3
 Vhi's Electric Charge    Tloc/Air       8%         N/A       100%        3
 Leda's Liquefaction      Hex/Erth       0%         N/A       100%        4
 Manifold Assault         Tloc           7%         N/A       100%        4


Dungeon Overview and Level Annotations

Branches:
Dungeon (4/15)
 Temple: D:4-7

Altars:
Dithmenos
Xom


Innate Abilities, Weirdness & Mutations

((You are very nimble when in or above water. (Stealth+, EV+, Speed+++)))
Your lower body shifts to a powerful aquatic tail in water.


Message History

A gnoll comes into view. It is wielding a +0 flail.
You block the gnoll's attack.
You hit the gnoll.
The gnoll is moderately wounded.
The gnoll barely misses you.
You closely miss the gnoll.
The gnoll is moderately wounded.
The gnoll completely misses you.
You completely miss the gnoll. The gnoll barely misses you.
You hit the gnoll.
The gnoll is moderately wounded.
The gnoll hits you with a +0 whip. The gnoll barely misses you.
You hit the gnoll.
The gnoll is almost dead.
You block the gnoll's attack.
You barely miss the gnoll.
The gnoll is almost dead.
You block the gnoll's attack. The gnoll hits you but does no damage.
You hit the gnoll.
You kill the gnoll!
You hit the gnoll.
The gnoll is heavily wounded.
The gnoll hits you with a +0 club. You block the gnoll's attack.
You barely miss the gnoll.
The gnoll is heavily wounded.
The gnoll hits you with a +0 club. You block the gnoll's attack.
You slash the gnoll!
You kill the gnoll!
You closely miss the gnoll. The gnoll hits you with a +0 flail!
The gnoll hits you but does no damage.
You are too injured to fight recklessly!
You are too injured to fight recklessly!
You hit the gnoll.
The gnoll is moderately wounded.
The gnoll hits you with a +0 flail.
* * * LOW HITPOINT WARNING * * *
You hit the gnoll.
The gnoll is heavily wounded.
You block the gnoll's attack. The gnoll hits you with a +0 flail!
You die...

#. #.# #. #.#
#. #?# #. #.#
#. #.# #. #g#
#. #g# #.
#@#############
#.
#.........†...#
#.
#############.#
## #.####
#..... #.####
###


You could see 2 gnolls.

Vanquished Creatures
  An adder (D:2)
  2 gnolls (D:4)
  2 dart slugs
  An orc (D:3)
  A ball python (D:1)
  4 bats
  5 endoplasms
  2 giant cockroaches (D:1)
  4 hobgoblins
  2 jackals (D:1)
  6 kobolds
  4 quokkas
  3 frilled lizards
  4 goblins
  5 rats
46 creatures vanquished.

Notes
Turn   | Place    | Note
-------+----------+-------------------------------------------
     0 | D:1      | mopl the Merfolk Warper began the quest for the Orb.
     0 | D:1      | Reached XP level 1. HP: 16/16 MP: 3/3
   188 | D:1      | Reached XP level 2. HP: 6/22 MP: 5/5
   260 | D:1      | Learned a level 2 spell: Blink
   263 | D:1      | Learned a level 2 spell: Lesser Beckoning
   330 | D:1      | Reached skill level 1 in Armour
   392 | D:1      | Reached skill level 3 in Long Blades
   433 | D:1      | Reached XP level 3. HP: 28/28 MP: 6/6
   463 | D:1      | Reached skill level 3 in Dodging
   976 | D:2      | Found a shimmering altar of Xom.
  2022 | D:3      | Found a shadowy altar of Dithmenos.
  2329 | D:3      | Found a faded altar of an unknown god.
  2487 | D:3      | Reached XP level 4. HP: 34/34 MP: 7/7
  3007 | D:4      | Slain by a gnoll

Illustrated notes

Levels and vault maps discovered:
D:1:      dpeg_arrival_oval, layout_loops_ring, minmay_pentomino_u2
D:2:      layout_basic, basic_altar
D:3:      layout_basic, grunt_dithmenos_smoke_and_mirrors, serial_forest,
          infiniplex_forest_clump_tiny, infiniplex_forest_corner_1,
          infiniplex_forest_clump_tiny, infiniplex_forest_clump_curved,
          infiniplex_forest_zigzag_1, infiniplex_forest_clump_medium,
          infiniplex_forest_lined_corner, infiniplex_forest_clump_long,
          hellmonk_ecumenical_altar_zigzags, minivault_14,
          chequers_decorated_corner, kennysheep_generic_room_10
D:4:      layout_basic, uniq_duvessa, uniq_blork_the_orc, uniq_robin

Skill      XL: |  1  2  3 |
---------------+----------+-----
Armour         | 1 |  1.2
Long Blades    | 3 |  3.6
Dodging        | 3 |  3.2
Fighting       | |  2.6
Throwing       | |  1.0
Spellcasting   | |  2.4
Translocations | |  2.7

Action                     |  1- 3 |  4- 6 || total
---------------------------+-------+-------++-------
  Melee: Falchion          |   131 |    39 ||   170
         Punch             |     1 |       ||     1
 Armour: Leather armour    |    32 |    10 ||    42
  Dodge: Dodged            |    72 |    10 ||    82
  Block: Tower shield      |    29 |    23 ||    52
         Buckler           |     3 |       ||     3

Table legend: (Time is in decaauts)
 A = Elapsed time spent in this place.
 B = Non-inter-level travel time spent in this place.
 C = Inter-level travel time spent in this place.
 D = Time resting spent in this place.
 E = Time spent auto-exploring this place.
 F = Levels seen in this place.
 G = Mean time per level.
                   A        B        C        D        E       F      G
               +--------+--------+--------+--------+--------+-----+--------+
         Total |   3056 |   2923 |    133 |    170 |   2305 |   4 |  764.0 |
       Dungeon |   3056 |   2923 |    133 |    170 |   2305 |   4 |  764.0 |
               +--------+--------+--------+--------+--------+-----+--------+

Top non-repeatable levels by time:
     D:1: 988 daAuts
     D:2: 983 daAuts
     D:3: 890 daAuts
     D:4: 194 daAuts
